 Dungeon Crawl Stone Soup version 0.28-a0-563-gf77a47075d (webtiles) character file.

Game seed: 16384428348800029606

1518 gruber the Geomancer (level 8, -3/67 HPs)
             Began as a Troll Earth Elementalist on Sept 30, 2021.
             Slain by a troll (14 damage)
             ... on level 5 of the Dungeon.
             The game lasted 00:04:52 (3924 turns).

gruber the Geomancer (Troll Earth Elementalist)     Turns: 3924, Time: 00:04:52

Health: -3/67      AC:  5    Str: 17    XL:     8   Next: 54%
Magic:  8/8        EV:  9    Int: 13    God:
Gold:   241        SH:  0    Dex: 10    Spells: 8/9 levels left

rFire   . . .      SeeInvis .     - Unarmed
rCold   . . .      Faith    .   (no shield)
rNeg    . . .      Spirit   .   u - +1 robe {Archmagi}
rPois   .          Reflect  .   (helmet restricted)
rElec   .          Harm     .   (no cloak)
rCorr   .          Rampage  .   (gloves unavailable)
Will    .....      Archmagi +   (boots unavailable)
Stlth   +.........              d - amulet of magic regeneration
HPRegen 1.21/turn               (no ring)
MPRegen 0.36/turn               (no ring)

@: lethally poisoned (-3 -> -3)
A: large, unfitting armour, claws 3, regeneration 1, shaggy fur 1, tough skin 1
a: no special abilities


You were on level 5 of the Dungeon.
You visited 1 branch of the dungeon, and saw 5 of its levels.

You collected 241 gold pieces.

Inventory:

Missiles
 c - 127 stones
Armour
 u - a +1 robe of the Archmagi (worn)
Jewellery
 d - an amulet of magic regeneration (around neck)
 s - a ring of fire
Wands
 b - a wand of iceblast (10)
Scrolls
 a - 5 scrolls of teleportation {unknown}
 e - a scroll of enchant armour {unknown}
 i - a scroll of fog {unknown}
 k - 4 scrolls of identify {unknown}
 m - 2 scrolls of vulnerability {unknown}
 p - a scroll of holy word {unknown}
 r - 2 scrolls of fear {unknown}
 t - a scroll of magic mapping {unknown}
 v - 2 scrolls of enchant weapon {unknown}
Potions
 f - 2 potions of lignification {unknown}
 g - a potion of brilliance {unknown}
 h - 2 potions of haste {unknown}
 j - a potion of berserk rage {unknown}
 l - a potion of ambrosia {unknown}
 n - a potion of mutation {unknown}
 o - 2 potions of cancellation {unknown}
 q - a potion of degeneration {unknown}
 w - a potion of curing {unknown}


   Skills:
 - Level 1.5 Dodging
 - Level 1.0 Stealth
 - Level 5.1 Unarmed Combat
 - Level 1.2 Spellcasting
 - Level 0.6 Transmutations
 * Level 9.0 Earth Magic


You had 8 spell levels left.
You knew the following spells:

 Your Spells              Type           Power      Damage    Failure   Level
a - Sandblast             Erth           72%        2d16      1%          1

Your spell library contained the following spells:

 Spells                   Type           Power      Damage    Failure   Level
 Passwall                 Tmut/Erth      16%        N/A       6%          2
 Stone Arrow              Conj/Erth      36%        3d9       13%         3
 Petrify                  Tmut/Erth      20%        N/A       36%         4
 Ignite Poison            Fire/Tmut/Pois 1%         N/A       58%         3
 Mephitic Cloud           Conj/Pois/Air  1%         N/A       63%         3
 Freezing Cloud           Conj/Ice/Air   0%         6-21      100%        5


Dungeon Overview and Level Annotations

Branches:
Dungeon (5/15)
 Temple: D:4-7

Altars:
Ru
Sif Muna


Innate Abilities, Weirdness & Mutations

You are too large for most types of armour.
You have claws for hands.
Your natural rate of healing is unusually fast.
You are covered in fur. (AC +1)
You have tough skin. (AC +1)


Message History

You are too injured to fight recklessly!
The adder bites you but does no damage.
The ufetubus hits you but does no damage.
The ufetubus barely misses you. The troll bites you!
* * * LOW HITPOINT WARNING * * *
The troll claws you.
* * * LOW HITPOINT WARNING * * *
The troll claws you.
* * * LOW HITPOINT WARNING * * *
The ufetubus closely misses you.
The ufetubus hits you but does no damage.
The ufetubus hits you but does no damage. x2
The adder bites you but does no damage. The adder bites you but does no damage.
The adder bites you. The adder bites you but does no damage.
The adder bites you but does no damage. The adder misses you.
The adder barely misses you.
Things that are here:
a +0 mace; a +0 leather armour; an orc skeleton The adder bites you but does no damage.
Things that are here:
a +0 flail; a +0 leather armour; an orc skeleton The adder closely misses you.
The ufetubus hits you.
The ufetubus hits you but does no damage.
The adder closely misses you. The ufetubus closely misses you.
The ufetubus hits you but does no damage.
The ufetubus closely misses you. x2; The adder bites you.
You are poisoned.
The adder poisons you!
You scratch the troll but do no damage.
You feel sick. The ufetubus hits you. x2
The adder bites you but does no damage. The ufetubus barely misses you.
The ufetubus hits you. The troll bites you!
The troll claws you but does no damage. The troll claws you!
* * * LOW HITPOINT WARNING * * *
The adder barely misses you.
You feel sick. The troll bites you!
You die...

.......# ##.#.#.#.#.#.#.
.......############...#.#.#.#[#.#
.....................############
.......#####.######..# .......#
#.# #..############
.......#####.######.........##...
.........T...))..................
.###########.#)..##.........##...
## #.#.T@##..............
#.#.5.##.........##...
#.#S..#...............
#.#...#.####..######.# #.#...#.#
##.## #.# #.#..###### #..# #)#
###### #.#..#P.P.. #### #.#
.....# #.####^...P####### #.#
8888.# #.# #^P_.P.#.#..# #.#


You could see a troll, an adder and an ufetubus.

Vanquished Creatures
  Pikel (D:4)
  Menkaure (D:5)
  An ice beast (D:5)
  An ogre (D:4)
  2 phantoms
  A lemure (D:4)
  2 scorpions (D:4)
  2 orc priests (D:5)
  2 hounds
  Natasha (thrice) (D:2)
  An iguana (D:4)
  2 orc wizards
  Terence (D:3)
  A hound skeleton (D:4)
  Robin (D:3)
  A gnoll (D:1)
  7 adders
  A worm (D:3)
  2 dart slugs
  16 orcs
  10 bats
  9 endoplasms
  7 giant cockroaches
  14 goblins
  9 hobgoblins
  4 jackals (D:3)
  2 quokkas
  7 ball pythons
  7 frilled lizards
  3 kobolds
  4 rats
125 creatures vanquished.

Notes
Turn   | Place    | Note
-------+----------+-------------------------------------------
     0 | D:1      | gruber the Troll Earth Elementalist began the quest for the
                  | Orb.
     0 | D:1      | Reached XP level 1. HP: 16/16 MP: 1/1
    88 | D:1      | Reached skill level 1 in Unarmed Combat
   158 | D:1      | Reached XP level 2. HP: 21/24 MP: 2/2
   170 | D:1      | Found a faded altar of an unknown god.
   170 | D:1      | Noticed an Executioner
   471 | D:1      | Reached XP level 3. HP: 30/31 MP: 3/3
   926 | D:2      | Found a shimmering blue altar of Sif Muna.
   984 | D:2      | Noticed Natasha
  1007 | D:2      | Killed Natasha
  1008 | D:2      | Reached XP level 4. HP: 39/39 MP: 4/4
  1089 | D:2      | Noticed Natasha
  1095 | D:2      | Killed Natasha
  1252 | D:2      | Noticed Natasha
  1264 | D:2      | Killed Natasha
  1265 | D:2      | Reached XP level 5. HP: 21/45 MP: 5/5
  1512 | D:3      | Found a shimmering blue altar of Sif Muna.
  1563 | D:3      | Noticed Terence
  1570 | D:3      | Killed Terence
  1571 | D:3      | Reached skill level 5 in Unarmed Combat
  1603 | D:3      | Noticed Robin
  1685 | D:3      | Killed Robin
  1686 | D:3      | Reached skill level 3 in Earth Magic
  1975 | D:3      | Reached XP level 6. HP: 45/53 MP: 6/6
  2383 | D:4      | Reached skill level 4 in Earth Magic
  2567 | D:4      | Reached skill level 5 in Earth Magic
  2644 | D:4      | Reached XP level 7. HP: 43/59 MP: 7/7
  2698 | D:4      | Noticed Pikel
  2731 | D:4      | Killed Pikel
  2732 | D:4      | Reached skill level 7 in Earth Magic
  2732 | D:4      | Reached XP level 8. HP: 32/67 MP: 2/8
  3380 | D:5      | Entered Level 5 of the Dungeon
  3434 | D:5      | Noticed Menkaure
  3442 | D:5      | Killed Menkaure
  3443 | D:5      | Reached skill level 8 in Earth Magic
  3711 | D:5      | Found a sacrificial altar of Ru.
  3836 | D:5      | Reached skill level 9 in Earth Magic
  3876 | D:5      | Noticed a troll
  3924 | D:5      | Slain by a troll

Illustrated notes

Levels and vault maps discovered:
D:1:      minmay_arrival_nine_rooms, layout_basic,
          dreamdust_ecumenical_altar_sealed_demon
D:2:      layout_loops_ring, basic_altar, uniq_natasha
D:3:      layout_loops_ring, lemuel_crystal_altar, minmay_misc_feat_roman,
          st_stairs_6, minmay_increasing_density, uniq_terence, uniq_robin
D:4:      layout_basic, uniq_pikel
D:5:      layout_basic, nicolae_ru_the_path_less_chosen,
          hellmonk_bongcloud_opening, roderic_roman_lattice, uniq_menkaure

Skill      XL: |  1  2  3  4  5  6  7  8 |
---------------+-------------------------+-----
Unarmed Combat | 2 3 4 5 |  5.1
Earth Magic    | 3 5 7 9 |  9.0
Dodging        | |  1.5
Stealth        | |  1.0
Spellcasting   | |  1.2
Transmutations | |  0.6

Action                   |  1- 3 |  4- 6 |  7- 9 || total
-------------------------+-------+-------+-------++-------
Melee: Unarmed           |   105 |   240 |    79 ||   424
       Punch             |     1 |     1 |     2 ||     4
 Cast: Sandblast         |       |     6 |    20 ||    26
 Stab: Sleeping          |       |     3 |     2 ||     5
Armor: Robe              |    37 |    61 |    28 ||   126
Dodge: Dodged            |    45 |    82 |    56 ||   183

Table legend: (Time is in decaauts)
 A = Elapsed time spent in this place.
 B = Non-inter-level travel time spent in this place.
 C = Inter-level travel time spent in this place.
 D = Time resting spent in this place.
 E = Time spent auto-exploring this place.
 F = Levels seen in this place.
 G = Mean time per level.
                   A        B        C        D        E       F      G
               +--------+--------+--------+--------+--------+-----+--------+
         Total |   3905 |   3760 |    145 |     22 |   2723 |   5 |  781.0 |
       Dungeon |   3905 |   3760 |    145 |     22 |   2723 |   5 |  781.0 |
               +--------+--------+--------+--------+--------+-----+--------+

Top non-repeatable levels by time:
     D:3: 1030 daAuts
     D:4: 992 daAuts
     D:1: 729 daAuts
     D:2: 611 daAuts
     D:5: 540 daAuts
